 Dungeon Crawl Stone Soup version 0.31-a0-232-gb1c03b2570 (webtiles) character file.

Game seed: 3897204984750744968

98 qw the Shooter (level 4, 0/36 HPs)
             Began as a Minotaur Hexslinger on July 7, 2023.
             Slain by a kobold
             ... wielding a +0 dagger
              (3 damage)
             ... on level 3 of the Dungeon.
             The game lasted 00:00:39 (1710 turns).

qw the Shooter (Minotaur Hexslinger)                Turns: 1710, Time: 00:00:39

Health: 0/36       AC:  6    Str: 12    XL:     4   Next: 43%
Magic:  4/4        EV: 11    Int: 10    God:
Gold:   59         SH:  0    Dex: 15    Spells: 4/5 levels left

rFire   . . .        Y - +1 sling
rCold   . . .        (no shield)
rNeg    . . .        h - +0 ring mail
rPois   .            (helmet restricted)
rElec   .            (no cloak)
rCorr   .            e - +0 pair of gloves
SInv    .            (no boots)
Will    .....        (no amulet)
Stlth   +            (no ring)
HPRegen 0.26/turn    (no ring)
MPRegen 0.09/turn

%: no passive effects
@: no status effects
A: horns 2, retaliatory headbutt
a: no special abilities


You were on level 3 of the Dungeon.
You visited 1 branch of the dungeon, and saw 3 of its levels.

You collected 59 gold pieces.


Innate Abilities, Weirdness & Mutations

You have a pair of horns on your head.
You reflexively headbutt those who attack you in melee.


   Skills:
 - Level 2.0 Fighting
 + Level 4.8 Ranged Weapons
 - Level 1.0 Armour
 - Level 2.1 Dodging
 - Level 1.0 Spellcasting
 - Level 2.0 Hexes


You had 4 spell levels left.
You knew the following spells:

 Your Spells              Type           Power      Damage    Failure   Level
a - Slow                  Hex            16%        N/A       34%         1

Your spell library contained the following spells:

 Spells                   Type           Power      Damage    Failure   Level
 Inner Flame              Hex/Fire       2%         N/A       83%         3
 Portal Projectile        Hex/Tloc       4%         N/A       83%         3
 Cause Fear               Hex            2%         N/A       98%         4

Inventory:

Hand Weapons
 Y - a +1 sling (weapon)
Armour
 e - a +0 pair of gloves (worn)
 h - a +0 ring mail (worn)
Scrolls
 g - a scroll of identify
Potions
 a - 2 potions of heal wounds
 d - a potion of lignification {unknown}
 f - a potion of enlightenment {unknown}
 i - 2 potions of curing {unknown}

Dungeon Overview and Level Annotations

Branches:
Dungeon (3/15)

Altars:

Shops:
D:3 (


Message History

The gnoll barely misses you.
You shoot a sling bullet. The sling bullet hits the gnoll.
The gnoll is heavily wounded.
The gnoll closely misses you.
A kobold comes into view. It is wielding a +0 dagger.
The gnoll closely misses you.
The gnoll hits you from afar with a +0 spear.
You shoot a sling bullet. The kobold shouts!
The sling bullet hits the gnoll.
The gnoll is almost dead.
The gnoll barely misses you.
The gnoll hits you from afar with a +0 spear.
You shoot a sling bullet.
The sling bullet closely misses the gnoll.
The gnoll hits you from afar with a +0 halberd.
The gnoll closely misses you.
You shoot a sling bullet. The sling bullet hits the gnoll.
The gnoll is almost dead.
The gnoll hits you but does no damage. The gnoll misses you.
You shoot a sling bullet.
The sling bullet closely misses the gnoll.
The sling bullet hits the kobold.
The kobold is severely wounded.
The gnoll barely misses you. x2
The gnoll hits you from afar with a +0 spear.
The gnoll closely misses you.
You shoot a sling bullet. The sling bullet hits the gnoll.
You kill the gnoll!
The gnoll hits you from afar with a +0 spear!
You shoot a sling bullet.
The sling bullet closely misses the kobold.
The gnoll hits you from afar with a +0 spear.
You shoot a sling bullet.
The sling bullet closely misses the kobold.
The gnoll hits you from afar with a +0 spear!
The kobold hits you with a +0 dagger.
The gnoll hits you from afar with a +0 spear.
The kobold hits you with a +0 dagger.
You die...

####### ##.....##
##.......#####
#......>.....#
#..........#.#
#..........#.#
#.........##.##
#.........##\.#
##......@###..###
#......)K.###...######.#
#.....g)..# ###........#
#.....>...#######..#####
..................#####.
.........#####..........
#.......## ###.#...####
##...#### #........#
#...##)#..#


You could see a gnoll and a kobold.

Vanquished Creatures
  3 gnolls (D:3)
  An adder (D:2)
  A worm (D:2)
  4 dart slugs
  6 endoplasms
  A giant cockroach (D:1)
  3 goblins
  4 hobgoblins
  4 jackals
  A quokka (D:1)
  6 ball pythons
  3 bats (D:1)
  2 frilled lizards
  6 kobolds
  3 rats (D:1)
48 creatures vanquished.

Notes
Turn   | Place    | Note
-------+----------+-------------------------------------------
     0 | D:1      | qw the Minotaur Hexslinger began the quest for the Orb.
     0 | D:1      | Reached XP level 1. HP: 16/16 MP: 1/1
     0 | D:1      | 0 ||| qw: Version: 0.3-a-46-gb1f654a
     0 | D:1      | 0 ||| qw: Game counter: 2761
     0 | D:1      | 0 ||| qw: Melee chars always use a shield: true
     0 | D:1      | 0 ||| qw: God list: Okawaru
     0 | D:1      | 0 ||| qw: Allow faded altars: false
     0 | D:1      | 0 ||| qw: Do Orc after clearing Dungeon:15 true
     0 | D:1      | 0 ||| qw: Do second Lair branch before Depths: true
     0 | D:1      | 0 ||| qw: Lair rune preference: random
     0 | D:1      | 0 ||| qw: Goals: Normal
     0 | D:1      | 0 ||| PLANNING D:1-11
    80 | D:1      | Reached skill level 3 in Ranged Weapons
    82 | D:1      | Reached XP level 2. HP: 23/23 MP: 2/2
   448 | D:1      | Reached XP level 3. HP: 28/29 MP: 3/3
   619 | D:1      | Found a faded altar of an unknown god.
   713 | D:1      | 713 ||| UPGRADING to +0 ring mail.
   723 | D:1      | 723 ||| DROPPING +0 robe.
   724 | D:1      | 724 ||| READING scroll labelled GIMUUPREEZ.
   729 | D:1      | 729 ||| READING scroll labelled GOEQEETZOTI.
   730 | D:1      | 730 ||| READING scroll labelled DANOIK MIARI.
   731 | D:1      | 731 ||| DROPPING scroll of poison.
   991 | D:2      | Reached skill level 4 in Ranged Weapons
  1430 | D:2      | Reached skill level 1 in Armour
  1496 | D:2      | 1496 ||| Stepping ~*~*~tactically~*~*~ (outnumbered).
  1605 | D:2      | 1605 ||| UPGRADING to +0 pair of gloves.
  1610 | D:2      | 1610 ||| READING scroll labelled BUHIMO GIGU.
  1611 | D:2      | 1611 ||| DRINKING 3 red potions.
  1612 | D:2      | 1612 ||| DRINKING 2 amethyst potions.
  1613 | D:2      | 1613 ||| DROPPING potion of brilliance.
  1667 | D:3      | Found Tonydox's Weapon Emporium.
  1684 | D:3      | Reached XP level 4. HP: 36/36 MP: 4/4
  1710 | D:3      | HP: 8/36 [kobold/+0 dagger (3)]
  1710 | D:3      | HP: 3/36 [gnoll/+0 spear (5)]
  1710 | D:3      | Slain by a kobold

Levels and vault maps discovered:
D:1:      zaba_arrival_water, layout_basic,
          shapermc_ecumenical_altar_flowoftime, minmay_pentomino_q2
D:2:      layout_basic, nicolae_eternal_life
D:3:      layout_rooms, nicolae_vehumet_radiance, serial_shops, shop,
          hangedman_abyss_or_decor_lesser_grid, grunt_ministairs_12

Skill      XL: |  1  2  3 |
---------------+----------+-----
Ranged Weapons | 3 4 |  4.8
Fighting       | 2 |  2.0
Armour         | 1 |  1.0
Dodging        | |  2.1
Spellcasting   | |  1.0
Hexes          | |  2.0

Action                     |  1- 3 |  4- 6 || total
---------------------------+-------+-------++-------
   Fire: Sling             |   130 |    18 ||   148
    Use: Scroll            |     4 |       ||     4
         Potion            |     2 |       ||     2
 Armour: Robe              |     1 |       ||     1
         Ring mail         |     7 |     1 ||     8
  Dodge: Dodged            |    21 |    11 ||    32

Table legend:
 A = Non-vault XP
 B = Vault XP
 C = Vault XP percentage of total XP
 D = Non-vault monster count
 E = Vault monster count
 F = Vault count percentage of total count
                 A         B        C        D         E       F
            +---------+---------+-------+---------+---------+-------
      Total |      96 |      44 |  31.4 |      43 |       5 |  10.4
            +---------+---------+-------+---------+---------+-------
        D:1 |      45 |       2 |   4.3 |      23 |       2 |   8.0
        D:2 |      44 |       0 |   0.0 |      16 |       0 |   0.0
        D:3 |       7 |      42 |  85.7 |       4 |       3 |  42.9
            +---------+---------+-------+---------+---------+-------
